 Seeded DCSS version 0.30-a0-937-ga0a21ad780 (webtiles) character file.

Game seed: 3125986916090331667 (custom seed)

6976 Parcival the Carver (level 10, 0/91 HPs)
             Began as a Minotaur Fighter on Mar 24, 2023.
             Was a Priest of Ashenzari.
             Killed from afar by a deep elf pyromancer (12 damage)
             ... with a bolt of fire
             ... while petrified by Jorgrun
             ... on level 1 of the Orcish Mines.
             The game lasted 00:16:00 (8223 turns).

Parcival the Carver (Minotaur Fighter)              Turns: 8223, Time: 00:16:01

Health: 0/91       AC: 15    Str: 29    XL:     10   Next: 81%
Magic:  0/9        EV:  2    Int: 11    God:    Ashenzari [***...]
Gold:   1558       SH:  0    Dex: 15    Spells: 9/9 levels left

rFire   . . .      SeeInvis +    e - +4 triple sword of Ashenzari's Sorrow {heavy, rPois rC+ rN+, Range, Bglg} (curse)
rCold   + . .      Faith    .    (shield currently unavailable)
rNeg    + + +      Spirit   +    t - +1 chain mail of Star-Bound Wisdom {Harm Str+3, Melee, Evo} (curse)
rPois   ∞          Reflect  .    (helmet restricted)
rElec   .          Rampage  .    q - +1 cloak
rCorr   .          Clarity  +    (no gloves)
Will    .....      Harm     + .  (no boots) Stlth
                                 s - amulet of guardian spirit
HPRegen 0.35/turn                d - ring of the Bound Sophism {Str+6, Evo, Alch} (curse)
MPRegen 0.11/turn                o - ring "Shackled With Me" {rPois rN+ Int+6, Evo, Elem} (curse)

@: petrified
A: horns 2, retaliatory headbutt
a: Renounce Religion, Curse Item, Shatter the Chains


You were on level 1 of the Orcish Mines.
You worshipped Ashenzari.
Ashenzari was most pleased with you.
You visited 3 branches of the dungeon, and saw 11 of its levels.

You collected 1558 gold pieces.

Inventory:

Hand Weapons
 a - a +0 war axe
 e - the cursed +4 triple sword of Ashenzari's Sorrow (weapon) {heavy, rPois rC+ rN+, Range, Bglg}
   (You acquired it on level 1 of the Dungeon)

   rC:        It protects you from cold.
   rPois:     It protects you from poison.
   rN:        It protects you from negative energy.
   It has a curse which improves the following skills: Ranged Combat: Ranged
   Weapons and Throwing.
   Beguiling: Conjurations, Hexes and Translocations.
 g - a +2 vampiric club
 y - a +4 quarterstaff of chaos
Armour
 b - a +0 scale mail
 c - a +0 buckler
 q - a +1 cloak (worn)
 t - the cursed +1 chain mail of Star-Bound Wisdom (worn) {Harm Str+3, Melee, Evo}
   (You found it on level 3 of the Dungeon)

   Str:       It affects your strength (+3).
   Harm:      It increases damage dealt and taken.
   It has a curse which improves the following skills: Melee Combat: Short
   Blades, Long Blades, Axes, Maces & Flails, Polearms, Staves and Unarmed
   Combat.
   Evocations: Evocations.
Jewellery
 d - the cursed ring of the Bound Sophism (left hand) {Str+6, Evo, Alch}
   (You found it on level 1 of the Dungeon)

   [ring of strength]

   Str:       It affects your strength (+6).
   It has a curse which improves the following skills: Evocations: Evocations.
   Alchemy:   Poison Magic and Transmutations.
 h - an amulet of magic regeneration
 o - the cursed ring "Shackled With Me" (right hand) {rPois rN+ Int+6, Evo, Elem}
   (You acquired it on level 4 of the Dungeon)

   [ring of intelligence]

   Int:       It affects your intelligence (+6).
   rPois:     It protects you from poison.
   rN:        It protects you from negative energy.
   It has a curse which improves the following skills: Evocations: Evocations.
   Elements:  Fire Magic, Ice Magic, Air Magic and Earth Magic.
 p - an amulet of reflection
 s - an amulet of guardian spirit (around neck)
 u - a ring of wizardry
 C - a ring of magical power
 F - a +6 ring of dexterity
Wands
 k - a wand of flame (14)
Scrolls
 j - 2 scrolls of teleportation
 D - 2 scrolls of poison
 E - a scroll of enchant weapon
Potions
 f - a potion of heal wounds
 i - 3 potions of degeneration
 l - a potion of resistance
 m - 2 potions of lignification
 n - a potion of brilliance
 r - a potion of ambrosia
 w - a potion of cancellation
 z - a potion of curing
 A - 2 potions of attraction
 B - 2 potions of haste
Miscellaneous
 v - a condenser vane


   Skills:
 + Level 9.5 Fighting
 + Level 13.9(15.3) Long Blades
 + Level 2.5(3.7) Axes
 + Level 10.6 Armour
 + Level 2.8 Dodging
 + Level 1.3 Stealth
 + Level 4.2 Shields


You had 9 spell levels left.
You didn't know any spells.
Your spell library contained the following spells:

 Spells                   Type           Power      Damage    Failure   Level
 Sandblast                Erth           0%         2d4       78%         1
 Summon Small Mammal      Summ           0%         N/A       80%         1
 Ensorcelled Hibernation  Hex/Ice        0%         N/A       89%         2
 Passwall                 Tmut/Erth      0%         N/A       89%         2
 Sublimation of Blood     Necr           0%         N/A       91%         2
 Inner Flame              Hex/Fire       0%         N/A       98%         3
 Portal Projectile        Hex/Tloc       0%         N/A       98%         3
 Stone Arrow              Conj/Erth      0%         3d7       98%         3
 Swiftness                Air            0%         N/A       98%         3
 Call Canine Familiar     Summ           0%         N/A       99%         3
 Summon Guardian Golem    Hex/Summ       0%         N/A       99%         3
 Flame Wave               Conj/Fire      0%         2d4       100%        4
 Leda's Liquefaction      Hex/Erth       0%         N/A       100%        4
 Petrify                  Tmut/Erth      0%         N/A       100%        4
 Sticky Flame             Conj/Fire      0%         2d3       100%        4
 Irradiate                Conj/Tmut      0%         3d11      100%        5


Dungeon Overview and Level Annotations

Branches:
Dungeon (9/15)             Temple (1/1) D:5             Orc (1/2) D:9
   Lair: D:8-11

Altars:
Ashenzari
Cheibriados
Dithmenos
Elyvilon
Fedhas
Gozag
Hepliaklqana
Kikubaaqudgha
Makhleb
Nemelex Xobeh
Okawaru
Qazlal
Ru
Sif Muna
Trog
Uskayaw
Vehumet
Wu Jian
Xom
Yredelemnul
Zin
The Shining One

Shops:
D:3 :   D:5 (**?   D:7 :

Annotations:
Orc:1 Jorgrun


Innate Abilities, Weirdness & Mutations

You have a pair of horns on your head.
You reflexively headbutt those who attack you in melee.


Message History

You feel much better. Jorgrun hits you but does no damage.
An orc comes into view. It is wielding a +0 dagger.
The gnoll closely misses you. You furiously retaliate!
You headbutt the gnoll!
You kill the gnoll!
The warg bites you!
You feel much better.
The orc shouts!
The warg bites you but does no damage.
Jorgrun points at you and mumbles some strange words.
You are slowing down.
As you read the scroll of teleportation, it crumbles to dust.
You feel strangely unstable. The warg bites you.
The gnoll hits you from afar with a +0 halberd!
Jorgrun says, "I've ne'er se'n tha particular type o' rock formation 'fore."
Jorgrun hits you with a +0 heavy quarterstaff!
The warg closely misses you.
Your limbs are stiffening.
The warg attacks as you move away! The warg bites you.
An orc comes into view. It is wielding a +0 mace.
The orc wizard gestures wildly while chanting.
The orc wizard flickers and vanishes for a moment.
You have turned to stone.
Your surroundings suddenly seem different.
A troll comes into view.
The troll shouts!
The orc warrior shouts!
The deep elf zephyrmancer shouts!
You hear a shout!
The deep elf zephyrmancer hits you with a +0 long sword.
An orc warlord comes into view.
It is wielding a +2 long sword and wearing a +2 chain mail of cold resistance.
The deep elf pyromancer shouts!
You hear a shout! x2
The orc warlord unwields a +2 long sword.
The orc warlord wields a +0 arbalest.
The orc warlord shoots a bolt.
The bolt hits you.
The deep elf zephyrmancer hits you but does no damage.
The deep elf zephyrmancer shouts!
A deep elf zephyrmancer comes into view.
It is wielding a +0 broad axe.
The deep elf zephyrmancer casts a spell at you.
The bolt of lightning hits you!!
* * * LOW HITPOINT WARNING * * *
The deep elf pyromancer gestures at you while chanting.
The bolt of fire hits you!!
You die...

* * ### #.## * # ,##.#
... * #. , #...#..# ,
...###..#...# ,
,.e.......## , *,
...T....#####.##....
.#.......##$........
,,..#@....##........#
#....e....###..#.....#
#...........#.......o^#
....#.................#
#.....o.......e......#
#. ....###....o......#
#
...........e.e.....#*8
....#$.........o....##.
,....................o


You could see an orc warlord, a deep elf pyromancer, 3 deep elf zephyrmancers, a
troll and an orc warrior.

Vanquished Creatures
  An ogre mage (D:8)
  A two-headed ogre (D:9)
  4 trolls
  2 wraiths
  A wyvern (D:8)
  2 steam dragons (D:7)
  4 water moccasins
  4 orc warriors
  2 ice beasts
  An ogre (D:5)
  A sky beast (D:6)
  3 black bears
  4 centaurs
  3 kobold brigands
  3 bullfrogs
  2 gnoll sergeants (D:9)
  6 scorpions
  5 wights (D:8)
  5 killer bees (D:8)
  A howler monkey (D:9)
  A hound (D:6)
  5 jellies
  5 orc priests
  Crazy Yiuf (D:7)
  4 iguanas
  A sleepcap (D:4)
  Natasha (thrice) (D:2)
  10 orc wizards
  12 gnolls
  7 adders
  3 white imps (D:6)
  A worm (D:2)
  2 dart slugs
  32 orcs
  7 endoplasms
  2 giant cockroaches
  5 hobgoblins
  4 jackals (D:4)
  18 kobolds
  4 quokkas
  9 ball pythons
  4 bats
  2 frilled lizards
  9 goblins
  4 rats
  A bush (D:3)
211 creatures vanquished.

Vanquished Creatures (others)
  A plant (D:3)
1 creature vanquished.

Grand Total: 212 creatures vanquished

Notes
Turn   | Place    | Note
-------+----------+-------------------------------------------
     0 | D:1      | Parcival the Minotaur Fighter began the quest for the Orb.
     0 | D:1      | Reached XP level 1. HP: 19/19 MP: 0/0
    20 | D:1      | Identified a scroll of acquirement
    20 | D:1      | Acquired the +4 triple sword of Heloosk {heavy, rPois rC+
                  | rN+}
   244 | D:1      | Reached XP level 2. HP: 27/27 MP: 1/1
   659 | D:1      | Reached XP level 3. HP: 32/33 MP: 2/2
   913 | D:2      | Reached skill level 1 in Long Blades
  1415 | D:2      | Noticed Natasha
  1422 | D:2      | Killed Natasha
  1423 | D:2      | Reached skill level 2 in Long Blades
  1423 | D:2      | Reached XP level 4. HP: 15/40 MP: 3/3
  1728 | D:2      | Noticed Natasha
  1733 | D:2      | Killed Natasha
  1820 | D:2      | Noticed Natasha
  1827 | D:2      | Killed Natasha
  1828 | D:2      | Reached XP level 5. HP: 28/47 MP: 4/4
  2179 | D:3      | Reached skill level 3 in Long Blades
  2205 | D:3      | Found an iron altar of Okawaru.
  2229 | D:3      | Found Digoh's Book Boutique.
  2349 | D:3      | Identified the +1 chain mail of Supple Strength {Harm
                  | Str+3}
  2707 | D:4      | Noticed a water moccasin
  2709 | D:4      | Found a hazy altar of Hepliaklqana.
  2713 | D:4      | Killed a water moccasin
  2714 | D:4      | Reached skill level 4 in Long Blades
  2714 | D:4      | Reached skill level 5 in Armour
  2757 | D:4      | Reached XP level 6. HP: 53/53 MP: 5/5
  3071 | D:4      | Reached skill level 5 in Long Blades
  3086 | D:4      | Reached XP level 7. HP: 38/60 MP: 6/6
  3087 | D:4      | Reached skill level 5 in Fighting
  3087 | D:4      | Reached skill level 1 in Dodging
  3305 | D:4      | Acquired 956 gold pieces
  3314 | D:4      | Acquired the ring "Luask" {rPois rN+ Int+6}
  3344 | D:5      | Entered Level 5 of the Dungeon
  3349 | D:5      | Reached skill level 6 in Long Blades
  3401 | D:5      | Found Tuexan's Magic Scroll Boutique.
  3401 | D:5      | Found Keelodoj's General Store.
  3403 | D:5      | Found Istewn's Weapon Boutique.
  3405 | D:5      | Found Kuxiet's Assorted Antiques.
  3427 | D:5      | Reached skill level 7 in Long Blades
  3601 | D:5      | Reached XP level 8. HP: 51/70 MP: 5/7
  3716 | D:5      | Reached skill level 8 in Long Blades
  3780 | D:5      | Found a staircase to the Ecumenical Temple.
  3987 | Temple   | Entered the Ecumenical Temple
  4024 | Temple   | Became a worshipper of Ashenzari the Shackled
  4067 | D:6      | Reached skill level 9 in Long Blades
  4298 | D:6      | Reached skill level 10 in Long Blades
  4298 | D:6      | Reached XP level 9. HP: 78/78 MP: 6/8
  4366 | D:6      | Noticed a troll
  4371 | D:6      | Killed a troll
  4532 | D:6      | Found an ornate altar of the Wu Jian Council.
  4851 | D:7      | Reached skill level 11 in Long Blades
  5029 | D:7      | Reached * piety under Ashenzari
  5296 | D:7      | Found Jauttyss's Tremendous Tomes.
  5554 | D:7      | Found a runed translucent door.
  5555 | D:7      | Reached ** piety under Ashenzari
  5556 | D:7      | Noticed Crazy Yiuf
  5883 | D:7      | Killed Crazy Yiuf
  6083 | D:8      | Found a transporter.
  6088 | D:8      | Noticed an ogre mage
  6090 | D:8      | Found a transporter.
  6120 | D:8      | Reached skill level 12 in Long Blades
  6241 | D:8      | Found a large runed translucent door.
  6245 | D:8      | Found a large runed translucent door.
  6320 | D:8      | Reached XP level 10. HP: 65/90 MP: 5/9
  6402 | D:8      | Found a sparkling altar of Nemelex Xobeh.
  6822 | D:8      | Found a glowing golden altar of the Shining One.
  6946 | D:8      | Found a shadowy altar of Dithmenos.
  6958 | D:8      | Found a shimmering altar of Xom.
  7036 | D:8      | Killed an ogre mage
  7037 | D:8      | Reached skill level 1 in Stealth
  7064 | D:8      | Reached skill level 13 in Long Blades
  7434 | D:9      | Reached *** piety under Ashenzari
  7441 | D:9      | Found a staircase to the Orcish Mines.
  7735 | D:9      | Noticed a two-headed ogre
  7742 | D:9      | Killed a two-headed ogre
  7743 | D:9      | Reached skill level 10 in Armour
  8100 | Orc:1    | Entered Level 1 of the Orcish Mines
  8154 | Orc:1    | Noticed a deep elf zephyrmancer
  8157 | Orc:1    | Noticed a deep elf pyromancer
  8158 | Orc:1    | Noticed a deep elf zephyrmancer
  8158 | Orc:1    | Identified the +0 chain mail of Teic {Rampage rN+ Int-5}
  8205 | Orc:1    | Noticed Jorgrun
  8214 | Orc:1    | Noticed an orc warlord
  8221 | Orc:1    | Noticed an orc warlord
  8223 | Orc:1    | Noticed a deep elf zephyrmancer
  8223 | Orc:1    | Killed from afar by a deep elf pyromancer

Illustrated notes

Levels and vault maps discovered:
D:1:      amcnicky_arrival_single_pillar, layout_loops_cross,
          hangedman_glass_garden
D:2:      layout_loops_ring, dk_vineyard_1, uniq_natasha
D:3:      layout_basic, mainiacjoe_overflow_catwalk, serial_forest,
          infiniplex_forest_zigzag_1, infiniplex_forest_split,
          infiniplex_forest_end_double, infiniplex_forest_lined_room_,
          infiniplex_forest_corner_1, infiniplex_forest_lined_room_2,
          serial_shops, nicolae_shop_hallway_stairs
D:4:      layout_basic, old_standard_altar
D:5:      layout_rooms, minmay_temple_entry_drinking_statues,
          minmay_shop_grid_forest
D:6:      layout_rooms, lemuel_tele_altar, minmay_microvault
D:7:      layout_basic, minmay_misc_feat_hallway, nicolae_shop_i_like_big_books,
          chequers_serial_rivers_large_a, uniq_crazy_yiuf_cottage
D:8:      gammafunk_beogh_shrine, layout_basic,
          mainiacjoe_overflow_six_doors_small, jmf_multi_god_temple2,
          kennysheep_little_box, serial_curves, eino_curves_01, eino_curves_02
D:9:      layout_roguey, orc_0_dummy
Temple:   hellmonk_temple_of_storms
Orc:1:    layout_caves, serial_shops, nicolae_square_shop, lemuel_statue_altar,
          elf_legates, uniq_jorgrun

Skill      XL: |  1  2  3  4  5  6  7  8  9 10 |
---------------+-------------------------------+-----
Armour         | 4 5 6 7 9 10 | 10.6
Shields        | 4 |  4.2
Fighting       | 4 5 6 8 9 |  9.5
Long Blades    | 2 4 5 7 10 12 13 | 13.9
Dodging        | 1 2 |  2.8
Stealth        | 1 |  1.3
Axes           | |  2.5

Action                     |  1- 3 |  4- 6 |  7- 9 | 10-12 || total
---------------------------+-------+-------+-------+-------++-------
  Melee: Triple sword      |    57 |    76 |   155 |    59 ||   347
         Headbutt          |    10 |     9 |    32 |     9 ||    60
 Invoke: Curse Item        |       |       |     2 |     2 ||     4
    Use: Scroll            |     3 |     8 |    12 |     3 ||    26
         Potion            |     1 |       |       |     4 ||     5
 Armour: Scale mail        |    54 |    23 |       |       ||    77
         Chain mail        |       |    64 |   206 |    40 ||   310
  Dodge: Dodged            |    59 |    78 |   142 |    52 ||   331
  Block: Buckler           |     4 |       |       |       ||     4

Table legend: (Time is in decaauts)
 A = Elapsed time spent in this place.
 B = Non-inter-level travel time spent in this place.
 C = Inter-level travel time spent in this place.
 D = Time resting spent in this place.
 E = Time spent auto-exploring this place.
 F = Levels seen in this place.
 G = Mean time per level.
                   A        B        C        D        E       F      G
               +--------+--------+--------+--------+--------+-----+--------+
         Total |   8630 |   8229 |    401 |     36 |   6414 |  11 |  784.5 |
       Dungeon |   8457 |   8067 |    390 |     36 |   6345 |   9 |  939.7 |
        Temple |     46 |     35 |     11 |      0 |     22 |   1 |   46.0 |
  Orcish Mines |    126 |    126 |      0 |      0 |     47 |   1 |  126.0 |
               +--------+--------+--------+--------+--------+-----+--------+

Top non-repeatable levels by time:
     D:7: 1422 daAuts
     D:8: 1400 daAuts
     D:2: 1059 daAuts
     D:1: 958 daAuts
     D:4: 849 daAuts
     D:9: 783 daAuts
     D:5: 703 daAuts
     D:3: 683 daAuts
     D:6: 597 daAuts
   Orc:1: 126 daAuts
  Temple: 46 daAuts
